 Dungeon Crawl Stone Soup version 0.31-a0-986-g5e6e4ef867 (webtiles) character file.

Game seed: 9961817194096923021

260 LeprechaunX the Changeling (level 6, -4/42 HPs)
             Began as an Octopode Shapeshifter on Nov 22, 2023.
             Slain by an orc priest
             ... wielding a +0 trident
              (9 damage)
             ... on level 4 of the Dungeon.
             The game lasted 00:03:42 (2320 turns).

LeprechaunX the Changeling (Octopode Shapeshifter)  Turns: 2320, Time: 00:03:43

Health: -4/42      AC:  1    Str: 20    XL:     6   Next: 17%
Magic:  6/6        EV: 13    Int: 12    God:
Gold:   256        SH:  0    Dex: 13    Spells: 5/5 levels left

rFire   . .          .
                       - Unarmed
rCold   . . .        (no shield)
rNeg    . . .        (helmet currently unavailable)
rPois   .            (no amulet)
rElec   .            o - +6 ring of strength
rCorr   .            (no ring)
SInv    .            (no ring)
Will    .....        (no ring)
Stlth   ++           (no ring)
HPRegen 0.27/turn    (no ring)
MPRegen 0.10/turn    (no ring)
                     (no ring)

%: no passive effects
@: beast-form
A: beast (slay +2), almost no armour, amphibious, 8 rings, camouflage 1,
gelatinous body 1, (nimble swimmer 1), tentacles
a: Begin Untransformation


You were on level 4 of the Dungeon.
You were a hulking beast.
You visited 1 branch of the dungeon, and saw 4 of its levels.

You collected 256 gold pieces.

Inventory:

Hand Weapons
 a - the +0 sling of the Valley of Death {elec, *Corrode rC++ Int+4}
   (You took it off a hobgoblin on level 2 of the Dungeon)

   Int+4:     It affects your intelligence (+4).
   rC++:      It greatly protects you from cold.
   *Corrode:  It may corrode you when you take damage.
Jewellery
 o - a +6 ring of strength (left tentacle)
Talismans
 b - a beast talisman
 c - a flux talisman
Scrolls
 f - a scroll of poison {unknown}
 g - a scroll of fog {unknown}
 i - 3 scrolls of identify {unknown}
 j - a scroll of brand weapon {unknown}
 n - 2 scrolls of noise {unknown}
 p - a scroll of amnesia {unknown}
 q - a scroll of enchant armour {unknown}
Potions
 d - a potion of attraction {unknown}
 e - a potion of might {unknown}
 h - a potion of resistance {unknown}
 k - a potion of lignification
 l - a potion of degeneration {unknown}
 m - 2 potions of enlightenment {unknown}


   Skills:
 + Level 3.0 Fighting
 - Level 2.0 Dodging
 + Level 4.2 Unarmed Combat
 * Level 4.8 Shapeshifting


You had 5 spell levels left.
You didn't know any spells.
Your spell library contained the following spells:

 Spells                   Type           Power      Damage    Failure   Level
 Freeze                   Ice            0%         1d3       32%         1
 Frozen Ramparts          Ice            0%         1d1       69%         3
 Hailstorm                Conj/Ice       0%         3d3       69%         3
 Vhi's Electric Charge    Tloc/Air       0%         N/A       97%         4
 Arcjolt                  Conj/Air       0%         1d10      100%        5
 Maxwell's Capacitive Co  Air            0%         ∞         100%        8


Dungeon Overview and Level Annotations

Branches:
Dungeon (4/15)
 Temple: D:4-7

Altars:
Dithmenos

Shops:
D:2 =


Innate Abilities, Weirdness & Mutations

You are a hulking beast.
Your limbs bulge with bestial killing power. (Slay +2)
You cannot wear most types of armour.
You are amphibious.
You can wear up to eight rings at the same time.
Your skin changes colour to match your surroundings (Stealth+).
Your rubbery body absorbs attacks. (AC +1, EV +1)
((You are camouflaged when in or above water. (Stealth+)))
You have tentacles for arms and can constrict up to eight enemies at once.


Message History

You tentacle-slap the orc priest but do no damage.
The orc priest is moderately wounded.
You constrict the orc priest, but do no damage.
The orc priest hits you with a +0 dagger.
The orc priest hits you from afar with a +0 trident.
* * * LOW HITPOINT WARNING * * *
Unknown command.
You tentacle-slap the orc priest but do no damage.
The orc priest is moderately wounded.
You constrict the orc priest, but do no damage.
Unknown command.
You bludgeon the orc priest! You squeeze the orc priest.
You kill the orc priest!
The orc priest hits you from afar with a +0 trident.
* * * LOW HITPOINT WARNING * * *
Unknown command.
You tentacle-slap the orc priest but do no damage.
You grab the orc priest.
You tentacle-slap the orc priest, but do no damage.
You squeeze the orc priest!
The orc priest is severely wounded.
You constrict the orc priest, but do no damage.
The orc closely misses you.
The orc priest hits you but does no damage.
The orc priest misses you.
You tentacle-slap the orc. You grab the orc.
The orc is almost dead.
You constrict the orc priest. You constrict the orc.
You kill the orc!
The orc priest hits you with a +0 club.
* * * LOW HITPOINT WARNING * * *
The orc priest barely misses you.
You release your grip on the orc priest.
Found a sedimented brown potion.
The orc priest barely misses you. The orc priest misses you.
Items here: $ )) [ †.
Unknown command.
The orc priest barely misses you.
The orc priest hits you with a +0 trident!
You die...

≈≈~#.. ≈≈~#..
..............
≈≈~~..#...............
~≈≈~..................
~≈≈~................#
~≈≈~~...#.......†...#
~~≈≈~...............#
8~≈≈~~88............#
...............oh.##..#
..............†)o.......
8~~≈≈~88..##.###)...<...
.#~≈≈~...##### .........
..~≈≈~~..# ##.......
..~~≈≈~.## .......
...~≈≈~..# !......
...~≈≈~~.... .......
...~~≈≈~...# #....


You could see 2 orc priests.

Vanquished Creatures
  A scorpion (D:4)
  2 orc priests (D:4)
  3 gnolls (D:2)
  4 adders
  A worm (D:2)
  2 dart slugs
  2 orcs
  4 bats
  7 endoplasms
  3 giant cockroaches
  4 goblins
  7 hobgoblins
  4 jackals (D:3)
  15 kobolds
  A quokka (D:4)
  10 ball pythons
  4 frilled lizards
  5 rats
79 creatures vanquished.

Notes
Turn   | Place    | Note
-------+----------+-------------------------------------------
     0 | D:1      | LeprechaunX the Octopode Shapeshifter began the quest for
                  | the Orb.
     0 | D:1      | Reached XP level 1. HP: 13/13 MP: 1/1
    64 | D:1      | Reached XP level 2. HP: 18/18 MP: 2/2
   609 | D:2      | Reached XP level 3. HP: 23/23 MP: 3/3
   776 | D:2      | Reached XP level 4. HP: 29/29 MP: 4/4
   874 | D:2      | Identified the +0 sling of the Valley of Death {elec,
                  | *Corrode rC++ Int+4}
   950 | D:2      | Found a faded altar of an unknown god.
  1103 | D:2      | Found Peahotua's Jewellery Boutique.
  1747 | D:3      | Reached XP level 5. HP: 35/35 MP: 5/5
  1854 | D:3      | Found a shadowy altar of Dithmenos.
  2314 | D:4      | Reached XP level 6. HP: 19/42 MP: 6/6
  2320 | D:4      | Slain by an orc priest

Illustrated notes

Levels and vault maps discovered:
D:1:      ebering_trefoil_3fold, layout_basic, minmay_domino_2
D:2:      layout_basic, serial_shops, shop,
          shapermc_ecumenical_altar_hornbeckon, kennysheep_small_spiral,
          serial_park_tiny_1, hangedman_decor_clover_reticule, kennysheep_donut
D:3:      layout_basic, mainiacjoe_overflow_concentric_impassable
D:4:      wander_river, layout_cave_pools

Skill      XL: |  1  2  3  4  5 |
---------------+----------------+-----
Fighting       | 2 3 |  3.0
Shapeshifting  | 4 |  4.8
Unarmed Combat | 4 |  4.2
Dodging        | |  2.0

Action                     |  1- 3 |  4- 6 || total
---------------------------+-------+-------++-------
  Melee: Unarmed           |    51 |    27 ||    78
         Constrict         |    15 |     7 ||    22
         Tentacles         |     8 |     8 ||    16
         Punch             |       |     1 ||     1
   Fire: Sling             |       |   101 ||   101
   Stab: Sleeping          |     3 |     2 ||     5
 Armour: Skin              |    17 |    19 ||    36
  Dodge: Dodged            |    28 |    31 ||    59

Table legend: (Time is in decaauts)
 A = Elapsed time spent in this place.
 B = Non-inter-level travel time spent in this place.
 C = Inter-level travel time spent in this place.
 D = Time resting spent in this place.
 E = Time spent auto-exploring this place.
 F = Levels seen in this place.
 G = Mean time per level.
                   A        B        C        D        E       F      G
               +--------+--------+--------+--------+--------+-----+--------+
         Total |   2343 |   2172 |    171 |      0 |   1736 |   4 |  585.8 |
       Dungeon |   2343 |   2172 |    171 |      0 |   1736 |   4 |  585.8 |
               +--------+--------+--------+--------+--------+-----+--------+

Top non-repeatable levels by time:
     D:2: 899 daAuts
     D:3: 644 daAuts
     D:1: 600 daAuts
     D:4: 199 daAuts
